 Dungeon Crawl Stone Soup version 0.29-a0-321-gf1c400731a (webtiles) character file.

Game seed: 17417009242738339594

154 kae the Firebug (level 5, 0/29 HPs)
             Began as a Tengu Fire Elementalist on Apr 4, 2022.
             Slain by a goblin
             ... wielding a +6 dagger
             ... led by Robin
              (9 damage)
             ... on level 2 of the Dungeon.
             The game lasted 00:02:29 (2452 turns).

kae the Firebug (Tengu Fire Elementalist)           Turns: 2452, Time: 00:02:30

Health: 0/29       AC:  3    Str:  9    XL:     5   Next: 36%
Magic:  4/9        EV: 15    Int: 17    God:
Gold:   65         SH:  0    Dex: 14    Spells: 3/9 levels left

rFire   . . .      SeeInvis .   e - +0 whip
rCold   + . .      Faith    .   (no shield)
rNeg    . . .      Spirit   .   a - +0 robe
rPois   .          Reflect  .   (helmet restricted)
rElec   .          Harm     .   d - +0 cloak
rCorr   .          Rampage  .   (no gloves)
Will    .....                   (boots unavailable)
Stlth   ++........              (no amulet)
HPRegen 0.09/turn               f - ring of protection from cold
MPRegen 0.11/turn               (no ring)

@: lethally poisoned (0 -> -6), flying quickly and evasively, quick
A: beak, talons 3, nimble flight
a: no special abilities


You were on level 2 of the Dungeon.
You visited 1 branch of the dungeon, and saw 2 of its levels.

You collected 65 gold pieces.

Inventory:

Hand Weapons
 e - a +0 whip (weapon)
Armour
 a - a +0 robe (worn)
 d - a +0 cloak (worn)
Jewellery
 f - a ring of protection from cold (left hand)
 g - an amulet of magic regeneration
Potions
 b - a potion of magic
 h - 2 potions of haste


   Skills:
 + Level 1.4 Fighting
 + Level 1.5 Armour
 + Level 2.9 Dodging
 - Level 2.0 Stealth
 + Level 2.6 Spellcasting
 + Level 2.6 Conjurations
 * Level 4.5 Fire Magic


You had 3 spell levels left.
You knew the following spells:

 Your Spells              Type           Power      Damage    Failure   Level
a - Foxfire               Conj/Fire      56%        2x1d6     4%          1
b - Scorch                Fire           34%        2d7       4%          2
c - Conjure Flame         Conj/Fire      14%        6-21      12%         3

Your spell library contained the following spells:

 Spells                   Type           Power      Damage    Failure   Level
 Freeze                   Ice            8%         1d3       19%         1
 Inner Flame              Hex/Fire       10%        N/A       22%         3
 Frozen Ramparts          Ice            4%         1d2       50%         3
 Gell's Gravitas          Tloc           2%         N/A       50%         3
 Lesser Beckoning         Tloc           2%         N/A       50%         3
 Teleport Other           Tloc           2%         N/A       50%         3
 Flame Wave               Conj/Fire      14%        2d6       38%         4
 Hailstorm                Conj/Ice       6%         3d4       71%         4


Dungeon Overview and Level Annotations

Branches:
Dungeon (2/15)

Altars:


Innate Abilities, Weirdness & Mutations

You have a beak for a mouth.
You have claws for feet.
Your magical nature lets you fly swiftly and evasively.


Message History

Robin is almost dead.
Robin hits you but does no damage. The goblin hits you but does no damage.
You barely miss Robin.
Robin is severely wounded.
Your transformation is almost over.
A goblin comes into view. It is wielding a +6 dagger.
The goblin hits you but does no damage.
Robin roars a battlecry!
The goblin goes into a battle-frenzy!
You hear a shout!
You hit Robin.
Robin is almost dead.
The goblin hits you but does no damage.
You closely miss Robin.
Robin is almost dead.
A goblin comes into view. It is wielding a +0 dagger of venom.
The goblin hits you but does no damage.
Robin roars a battlecry!
The goblin goes into a battle-frenzy!
You hit Robin.
You kill Robin!
The goblin barely misses you.
You cannot move.
You hit the goblin.
You kill the goblin!
You barely miss the goblin. The goblin hits you but does no damage.
You hit the goblin but do no damage. The goblin hits you but does no damage.
You closely miss the goblin. The goblin hits you but does no damage.
You hit the goblin.
The goblin is heavily wounded.
You hit the goblin.
The goblin is heavily wounded.
You feel less wooden.
Your +0 cloak unmelds from your body.
Your +0 robe unmelds from your body.
The goblin barely misses you. The goblin hits you but does no damage.
You are poisoned.
You hit the goblin. You claw the goblin.
You kill the goblin!
You feel sick. The goblin hits you with a +6 dagger!
You die...

####....##.♣.♣
#.......#.#
#.....♣.♣.♣#♣.#
.................#
.########♣#♣)♣#♣##
#.# ♣.♣ ##.####)#
.....†g@#
......)## .......
....... #...###
...# #.. <.


You could see a goblin (strong).

Vanquished Creatures
  Natasha (thrice) (D:2)
  Robin (D:2)
  A gnoll (D:1)
  2 adders (D:2)
  6 endoplasms
  A giant cockroach (D:1)
  A hobgoblin (D:1)
  2 jackals (D:2)
  3 quokkas
  5 ball pythons
  5 bats
  3 frilled lizards (D:2)
  6 goblins
  4 kobolds
  3 rats (D:1)
46 creatures vanquished.

Vanquished Creatures (collateral kills)
  2 foxfires (D:2)
2 creatures vanquished.

Vanquished Creatures (others)
  118 foxfires
  4 plants (D:2)
122 creatures vanquished.

Grand Total: 170 creatures vanquished

Notes
Turn   | Place    | Note
-------+----------+-------------------------------------------
     0 | D:1      | kae the Tengu Fire Elementalist began the quest for the
                  | Orb.
     0 | D:1      | Reached XP level 1. HP: 10/10 MP: 4/4
   325 | D:1      | Reached XP level 2. HP: 2/16 MP: 1/6
   909 | D:1      | Reached XP level 3. HP: 20/20 MP: 4/7
  1031 | D:1      | Found a faded altar of an unknown god.
  1313 | D:2      | Learned a level 2 spell: Scorch
  1317 | D:2      | Learned a level 3 spell: Conjure Flame
  1513 | D:2      | Reached skill level 4 in Fire Magic
  1872 | D:2      | Noticed Natasha
  1885 | D:2      | Killed Natasha
  1886 | D:2      | Reached skill level 1 in Fighting
  1886 | D:2      | Reached skill level 1 in Armour
  1886 | D:2      | Reached XP level 4. HP: 21/25 MP: 2/8
  1900 | D:2      | Noticed Natasha
  1903 | D:2      | Killed Natasha
  2319 | D:2      | Noticed Natasha
  2332 | D:2      | Killed Natasha
  2333 | D:2      | Gained mutation: Your magical nature lets you fly swiftly
                  | and evasively. [Tengu growth]
  2333 | D:2      | Reached XP level 5. HP: 13/29 MP: 1/9
  2417 | D:2      | Noticed Robin
  2445 | D:2      | Killed Robin
  2452 | D:2      | Slain by a goblin

Illustrated notes

Levels and vault maps discovered:
D:1:      evilmike_arrival_fibonacci_small, layout_basic,
          hellmonk_ecumenical_altar_inner_sanctum
D:2:      layout_basic, serial_forest, infiniplex_forest_clump_medium,
          infiniplex_forest_lined_room_3, infiniplex_forest_straight_3,
          infiniplex_forest_corner_2, infiniplex_forest_clump_diagonal,
          infiniplex_forest_clump_long, infiniplex_forest_straight_5,
          infiniplex_forest_lined_4_way, infiniplex_forest_lined_corner,
          infiniplex_forest_end_1, nrook_mini_backslash,
          hangedman_decor_riveting, glass_columns_b, fountainhead, uniq_terence,
          uniq_natasha, uniq_robin

Skill      XL: |  1  2  3 |
---------------+----------+-----
Fire Magic     | 4 |  4.5
Fighting       | 1 |  1.4
Armour         | 1 |  1.5
Conjurations   | 2 |  2.6
Dodging        | |  2.9
Stealth        | |  2.0
Spellcasting   | |  2.6

Action                   |  1- 3 |  4- 6 || total
-------------------------+-------+-------++-------
Melee: Unarmed           |     2 |       ||     2
       Peck              |     1 |     4 ||     5
       Kick              |     1 |     5 ||     6
       Whip              |    10 |    33 ||    43
       Punch             |       |     1 ||     1
 Cast: Foxfire           |    61 |    12 ||    73
       Scorch            |     2 |     6 ||     8
  Use: Scroll            |     2 |       ||     2
       Potion            |       |     4 ||     4
Armor: Robe              |     4 |     9 ||    13
       Skin              |       |    13 ||    13
Dodge: Dodged            |    17 |    17 ||    34

Table legend: (Time is in decaauts)
 A = Elapsed time spent in this place.
 B = Non-inter-level travel time spent in this place.
 C = Inter-level travel time spent in this place.
 D = Time resting spent in this place.
 E = Time spent auto-exploring this place.
 F = Levels seen in this place.
 G = Mean time per level.
                   A        B        C        D        E       F      G
               +--------+--------+--------+--------+--------+-----+--------+
         Total |   2454 |   2430 |     24 |      0 |   2073 |   2 | 1227.0 |
       Dungeon |   2454 |   2430 |     24 |      0 |   2073 |   2 | 1227.0 |
               +--------+--------+--------+--------+--------+-----+--------+

Top non-repeatable levels by time:
     D:2: 1248 daAuts
     D:1: 1206 daAuts
